 Dungeon Crawl Stone Soup version 0.19.1-1-g22dce08 (webtiles) character file.

74 Exporg the Cudgeler (level 4, 0/49 HPs)
             Began as an Ogre Berserker on Jan 15, 2017.
             Was a Follower of Trog.
             Slain by an adder (1 damage)
             ... on level 2 of the Dungeon.
             The game lasted 00:03:43 (2412 turns).

Exporg the Cudgeler (Ogre Berserker)                Turns: 2412, Time: 00:03:43

Health: 0/49       AC:  3    Str: 23    XL:     4   Next: 30%
Magic:  4/4        EV: 10    Int:  6    God:    Trog [*.....]
Gold:   79         SH:  0    Dex:  9    Spells: 0 memorised, 3 levels left

rFire  . . .     SeeInvis .     g - +0 giant spiked club
rCold  . . .     Gourm    .     b - +0 animal skin
rNeg   . . .     Faith    .     (shield currently unavailable)
rPois  .         Spirit   .     (helmet restricted)
rElec  .         Reflect  .     (no cloak)
rCorr  .         Harm     .     (gloves unavailable)
MR     .....                    (boots unavailable)
Stlth  +.........               (no amulet)
                                (no ring)
                                (no ring)

@: no status effects
A: unfitting armour, tough skin 1
a: Berserk, Burn Spellbooks, Renounce Religion


You were on level 2 of the Dungeon.
You worshipped Trog.
Trog was aware of your devotion.
You were not hungry.

You visited 1 branch of the dungeon, and saw 2 of its levels.

You collected 79 gold pieces.

Inventory:

Hand Weapons
 a - a +0 mace
 g - a +0 giant spiked club (weapon)
Armour
 b - a +0 animal skin (worn)
Jewellery
 m - an uncursed ring of ice {unknown}
Scrolls
 e - 2 scrolls of identify {unknown}
 j - a scroll of fear {unknown}
 k - 3 scrolls of remove curse {unknown}
Potions
 d - a potion of magic {unknown}
 f - a potion of might {unknown}
 h - 4 potions of haste {unknown}
 i - a potion of curing {unknown}
 l - a potion of heal wounds {unknown}
Comestibles
 c - 2 bread rations


   Skills:
 + Level 4.6 Fighting
 + Level 5.4 Maces & Flails
 + Level 3.3 Dodging
 + Level 0.1 Stealth


You had 3 spell levels left.
You didn't know any spells.

Dungeon Overview and Level Annotations

Branches:
Dungeon (2/15)

Altars:
Makhleb
Nemelex Xobeh


Innate Abilities, Weirdness & Mutations

You are too large for most types of armour.
You have tough skin. (AC +1)


Message History

You barely miss the adder. The adder barely misses you. The adder bites you.
* * * LOW HITPOINT WARNING * * *
You hit the adder but do no damage.
You feel sick.
You are no longer poisoned.
The adder bites you.
* * * LOW HITPOINT WARNING * * *
The adder barely misses you.
You barely miss the adder. The adder bites you.
* * * LOW HITPOINT WARNING * * *
The adder bites you but does no damage. The adder barely misses you.
You miss the adder. The adder bites you.
* * * LOW HITPOINT WARNING * * *
The adder bites you but does no damage.
You miss the adder. The adder bites you.
* * * LOW HITPOINT WARNING * * *
The adder barely misses you.
You barely miss the adder. The adder bites you.
* * * LOW HITPOINT WARNING * * *
The adder bites you.
You die...

#.# #.# ##+#
### ..# ##.#
.## #..# #.##
#.# #.# #####
#.# #...#
#.#####.#.#
#......@S.#
########.......
#######


You could see an adder.

Vanquished Creatures
  2 adders (D:2)
  4 worms (D:2)
  4 dart slugs
  3 leopard geckos (D:1)
  3 giant cockroaches (D:1)
  4 hobgoblins
  3 kobolds
  5 bats
  A frilled lizard (D:1)
  4 goblins
  3 rats (D:1)
36 creatures vanquished.

Vanquished Creatures (others)
  A goblin (D:1)
1 creature vanquished.

Grand Total: 37 creatures vanquished

Notes
Turn   | Place    | Note
-------+----------+-------------------------------------------
     0 | D:1      | Exporg the Ogre Berserker began the quest for the Orb.
     0 | D:1      | Reached XP level 1. HP: 24/24 MP: 1/1
   259 | D:1      | Reached XP level 2. HP: 31/32 MP: 2/2
   913 | D:1      | Reached XP level 3. HP: 38/40 MP: 3/3
  1320 | D:2      | Reached skill level 5 in Maces & Flails
  1500 | D:2      | Found a burning altar of Makhleb.
  1886 | D:2      | Reached XP level 4. HP: 49/49 MP: 4/4
  2086 | D:2      | Found a sparkling altar of Nemelex Xobeh.
  2412 | D:2      | HP: 1/49 [adder (3)]
  2412 | D:2      | Slain by an adder

Skill      XL: |  1  2  3 |
---------------+----------+-----
Dodging        | 3 |  3.3
Maces & Flails | 5 |  5.4
Fighting       | |  4.6
Stealth        | |  0.1

Action                   |  1- 3 |  4- 6 || total
-------------------------+-------+-------++-------
Melee: Mace              |   133 |    19 ||   152
       Giant spiked club |       |    27 ||    27
  Use: Potion            |     1 |       ||     1
  Eat: Meat ration       |     1 |       ||     1
Armor: Animal skin       |    59 |    15 ||    74
Dodge: Dodged            |    94 |    35 ||   129
